SL
NEW JERSEY FENIX @ THUNDER BAY NORTHERN LIONS BC
09/26/2033
 
TOP OF THE 1ST
New Jersey Fenix batting - Pitching for Thunder Bay Northern Lions BC : RHP Jesús Vidro
Pitching: RHP Jesús Vidro
Batting: RHB Takashi Miike 0-0: Called Strike
0-1: Called Strike
0-2: Foul Ball, location: 2F
0-2: Foul Ball, location: 2F
0-2: Ball
1-2: Foul Ball, location: 2F
1-2: Foul Ball, location: 2F
1-2: Ball
2-2: Strikes out swinging
Batting: SHB Shiki Sanu 0-0: Ball
1-0: Swinging Strike
1-1: Ball
2-1: DOUBLE (Line Drive, 9D)
Batting: LHB Javier Sánchez 0-0: Ground out 4-3 (Groundball, 4)
Shiki Sanu to third
Batting: RHB José Carlos Pérez 0-0: Called Strike
0-1: Ball
1-1: Called Strike
1-2: Ball
2-2: Strikes out looking
Top of the 1st over - 0 runs, 1 hit, 0 errors, 1 left on base; New Jersey 0 - Thunder Bay 0
BOTTOM OF THE 1ST
Thunder Bay Northern Lions BC batting - Pitching for New Jersey Fenix : RHP Javier Castillo
Pitching: RHP Javier Castillo
Batting: RHB Joe Aller 0-0: Fly out, F8 (Line Drive, 89D)
Batting: LHB Luis Freitas 0-0: Ball
1-0: Called Strike
1-1: Swinging Strike
1-2: Foul Ball, location: 2F
1-2: SINGLE (Groundball, 3D)
Batting: LHB David Smith 0-0: Called Strike
Luis Freitas steals 2nd base
0-1: Ball
1-1: SINGLE (Flyball, 7LM)
Luis Freitas to third
Runner from 3rd tries for Home, SAFE, no throw
Batting: RHB António Mendoza 0-0: Called Strike
David Smith is caught stealing 2nd base
0-1: Called Strike
0-2: Ball
1-2: Ball
2-2: Fly out, F7 (Flyball, 78D)
Bottom of the 1st over - 1 run, 2 hits, 0 errors, 0 left on base; New Jersey 0 - Thunder Bay 1
TOP OF THE 2ND
New Jersey Fenix batting - Pitching for Thunder Bay Northern Lions BC : RHP Jesús Vidro
Batting: LHB Alexis Raimbault 0-0: Swinging Strike
0-1: Foul Ball, location: 2F
0-2: Ball
1-2: Ball
2-2: SOLO HOME RUN (Flyball, 7D), Distance : 391 ft
Batting: LHB Josh Platt 0-0: Called Strike
0-1: SOLO HOME RUN (Flyball, 9LD) (Inside the Park)
Batting: LHB Michael Cochran 0-0: Ball
1-0: Called Strike
1-1: Called Strike
1-2: Strikes out swinging
Batting: SHB Jesús Román 0-0: Ball
1-0: Ground out 1-3 (Groundball, 13)
Batting: LHB Elian Gonzalez 0-0: Called Strike
0-1: Swinging Strike
0-2: Ball
1-2: Strikes out looking
Top of the 2nd over - 2 runs, 2 hits, 0 errors, 0 left on base; New Jersey 2 - Thunder Bay 1
BOTTOM OF THE 2ND
Thunder Bay Northern Lions BC batting - Pitching for New Jersey Fenix : RHP Javier Castillo
Batting: RHB Edgar Balerio 0-0: Ball
1-0: Called Strike
1-1: Fly out, F9 (Flyball, 89M)
Batting: RHB Augusto Encarnación 0-0: Fly out, F6 (Line Drive, 6)
Batting: SHB Robert La Caze 0-0: Ball
1-0: Ball
2-0: Called Strike
2-1: Fly out, F7 (Flyball, 7S)
Bottom of the 2nd over - 0 runs, 0 hits, 0 errors, 0 left on base; New Jersey 2 - Thunder Bay 1
TOP OF THE 3RD
New Jersey Fenix batting - Pitching for Thunder Bay Northern Lions BC : RHP Jesús Vidro
Batting: RHB Takashi Miike 0-0: Ball
1-0: Ball
2-0: Ball
3-0: Base on Balls
Batting: SHB Shiki Sanu 0-0: Fielders Choice at 2nd, 4-6 (Groundball, 4)
Batting: LHB Javier Sánchez 0-0: Ball
1-0: Foul Ball, location: 2F
1-1: Foul Ball, location: 2F
1-2: Strikes out swinging
Batting: RHB José Carlos Pérez 0-0: Ball
1-0: Ground out 4-3 (Groundball, 4)
Top of the 3rd over - 0 runs, 0 hits, 0 errors, 1 left on base; New Jersey 2 - Thunder Bay 1
BOTTOM OF THE 3RD
Thunder Bay Northern Lions BC batting - Pitching for New Jersey Fenix : RHP Javier Castillo
Batting: RHB Ramón Degollado 0-0: SINGLE (Line Drive, 7S)
Batting: RHB Carlos Padilla 0-0: SINGLE (Groundball, 34D)
Ramón Degollado to second
Runner from 2nd tries for 3rd, SAFE, throw made to third
Batting: RHB Joe Aller 0-0: Ball
1-0: Grounds into double play, 6-4-3 (Groundball, 6)
Ramón Degollado scores
Batting: LHB Luis Freitas 0-0: Called Strike
0-1: Ball
1-1: Ball
2-1: Ball
3-1: Base on Balls
Batting: LHB David Smith 0-0: Ball
1-0: Called Strike
1-1: Ground out 4-3 (Groundball, 4)
Bottom of the 3rd over - 1 run, 2 hits, 0 errors, 1 left on base; New Jersey 2 - Thunder Bay 2
TOP OF THE 4TH
New Jersey Fenix batting - Pitching for Thunder Bay Northern Lions BC : RHP Jesús Vidro
Batting: LHB Alexis Raimbault 0-0: Called Strike
0-1: Fly out, F7 (Flyball, 7S)
Batting: LHB Josh Platt 0-0: DOUBLE (Line Drive, 89D)
Batting: LHB Michael Cochran 0-0: Ball
1-0: Called Strike
1-1: Swinging Strike
1-2: Ball
2-2: Strikes out swinging
Batting: SHB Jesús Román 0-0: Ball
1-0: Ball
2-0: Swinging Strike
2-1: Ball
3-1: Base on Balls
Batting: LHB Elian Gonzalez 0-0: Ball
1-0: Foul Ball, location: 2F
1-1: Ball
2-1: Foul Ball, location: 2F
2-2: Ball
3-2: 3-RUN HOME RUN (Flyball, 9D), Distance : 347 ft
Batting: RHB Takashi Miike 0-0: Ball
1-0: Ball
2-0: Ball
3-0: Base on Balls
Pitching: RHP Ramón Martínez
Batting: SHB Shiki Sanu 0-0: Ball
1-0: Called Strike
1-1: Called Strike
1-2: Strikes out swinging
Top of the 4th over - 3 runs, 2 hits, 0 errors, 1 left on base; New Jersey 5 - Thunder Bay 2
BOTTOM OF THE 4TH
Thunder Bay Northern Lions BC batting - Pitching for New Jersey Fenix : RHP Javier Castillo
Batting: RHB António Mendoza 0-0: Foul Ball, location: 2F
0-1: Ball
1-1: Swinging Strike
1-2: Foul Ball, location: 2F
1-2: Ball
2-2: Ground out 6-3 (Groundball, 56)
Batting: RHB Edgar Balerio 0-0: Ball
1-0: Ground out 4-3 (Groundball, 4)
Batting: RHB Augusto Encarnación 0-0: Ball
1-0: Ball
2-0: Called Strike
2-1: Ground out 6-3 (Groundball, 6)
Bottom of the 4th over - 0 runs, 0 hits, 0 errors, 0 left on base; New Jersey 5 - Thunder Bay 2
TOP OF THE 5TH
New Jersey Fenix batting - Pitching for Thunder Bay Northern Lions BC : RHP Ramón Martínez
Batting: LHB Javier Sánchez 0-0: Called Strike
0-1: Foul Ball, location: 2F
0-2: Foul Ball, location: 2F
0-2: Strikes out swinging
Batting: RHB José Carlos Pérez 0-0: Ball
1-0: Called Strike
1-1: Called Strike
1-2: Ground out 4-3 (Groundball, 4)
Batting: LHB Alexis Raimbault 0-0: Ball
1-0: DOUBLE (Line Drive, 89D)
Batting: LHB Josh Platt 0-0: Ball
1-0: Foul Ball, location: 2F
1-1: Ball
2-1: Ball
3-1: SINGLE (Groundball, 56D)
Alexis Raimbault to third
Runner from 3rd tries for Home, SAFE, throw made home
Batting: LHB Michael Cochran 0-0: Ball
1-0: Swinging Strike
1-1: Ball
2-1: Ball
3-1: Called Strike
3-2: Strikes out looking
Top of the 5th over - 1 run, 2 hits, 0 errors, 1 left on base; New Jersey 6 - Thunder Bay 2
BOTTOM OF THE 5TH
Thunder Bay Northern Lions BC batting - Pitching for New Jersey Fenix : RHP Javier Castillo
Batting: SHB Robert La Caze 0-0: Called Strike
0-1: Called Strike
0-2: Ball
1-2: Foul Ball, location: 2F
1-2: Ball
2-2: Ball
3-2: Strikes out swinging
Batting: RHB Ramón Degollado 0-0: Ball
1-0: Called Strike
1-1: Ball
2-1: Ball
3-1: Called Strike
3-2: DOUBLE (Line Drive, 7LM)
Batting: RHB Carlos Padilla 0-0: Ball
1-0: 2-RUN HOME RUN (Flyball, 7LD), Distance : 377 ft
Batting: RHB Joe Aller 0-0: Ball
1-0: Ball
2-0: Ground out 4-3 (Groundball, 4MS)
Batting: LHB Luis Freitas 0-0: Ball
1-0: TRIPLE (Groundball, 3L)
Batting: LHB David Smith 0-0: Called Strike
0-1: Ball
1-1: 2-RUN HOME RUN (Flyball, 9LD), Distance : 346 ft
Batting: RHB António Mendoza 0-0: Ball
1-0: Foul Ball, location: 2F
1-1: Foul Ball, location: 2F
1-2: Fly out, F8 (Flyball, 8LM)
Bottom of the 5th over - 4 runs, 4 hits, 0 errors, 0 left on base; New Jersey 6 - Thunder Bay 6
TOP OF THE 6TH
New Jersey Fenix batting - Pitching for Thunder Bay Northern Lions BC : RHP Ramón Martínez
Batting: SHB Jesús Román 0-0: Called Strike
0-1: Foul Ball, location: 2F
0-2: Ball
1-2: Ground out 4-3 (Groundball, 4)
Batting: LHB Elian Gonzalez 0-0: Called Strike
0-1: Ball
1-1: Ball
2-1: Ball
3-1: Called Strike
3-2: Strikes out looking
Batting: RHB Takashi Miike 0-0: Swinging Strike
0-1: Foul Ball, location: 2F
0-2: Strikes out swinging, 2-3 out at first.
Top of the 6th over - 0 runs, 0 hits, 0 errors, 0 left on base; New Jersey 6 - Thunder Bay 6
BOTTOM OF THE 6TH
Thunder Bay Northern Lions BC batting - Pitching for New Jersey Fenix : RHP Javier Castillo
Batting: RHB Edgar Balerio 0-0: Ball
1-0: Ball
2-0: Ball
3-0: Base on Balls
Batting: RHB Augusto Encarnación 0-0: Bunted foul
0-1: Bunted foul
0-2: Ball
1-2: 2-RUN HOME RUN (Flyball, 7LD), Distance : 368 ft
Pitching: LHP Pedro Garza
Batting: SHB Robert La Caze 0-0: Ball
1-0: Called Strike
1-1: Swinging Strike
1-2: Foul Ball, location: 2F
1-2: Strikes out swinging
Batting: RHB Ramón Degollado 0-0: Ball
1-0: Ground out 6-3 (Groundball, 6)
Batting: RHB Carlos Padilla 0-0: Called Strike
0-1: Ball
1-1: SINGLE (Groundball, 3) (infield hit)
Batting: RHB Joe Aller 0-0: Ground out U3 (Groundball, 3)
Bottom of the 6th over - 2 runs, 2 hits, 0 errors, 1 left on base; New Jersey 6 - Thunder Bay 8
TOP OF THE 7TH
New Jersey Fenix batting - Pitching for Thunder Bay Northern Lions BC : RHP Ramón Martínez
Batting: SHB Shiki Sanu 0-0: SINGLE (Groundball, 34S) (infield hit)
Batting: LHB Javier Sánchez 0-0: Called Strike
0-1: 2-RUN HOME RUN (Line Drive, 89XD), Distance : 410 ft
Pitching: RHP Armando Marrero
Batting: RHB José Carlos Pérez 0-0: Ball
1-0: Ball
2-0: Foul Ball, location: 2F
2-1: Ball
3-1: Swinging Strike
3-2: Foul Ball, location: 2F
3-2: Strikes out swinging
Batting: LHB Alexis Raimbault 0-0: Called Strike
0-1: Called Strike
0-2: Ball
1-2: Foul Ball, location: 2F
1-2: Strikes out swinging
Batting: LHB Josh Platt 0-0: Ball
1-0: Foul Ball, location: 2F
1-1: Ball
2-1: SINGLE (Groundball, 4) (infield hit)
Batting: LHB Michael Cochran 0-0: Called Strike
0-1: Swinging Strike
0-2: Strikes out swinging
Top of the 7th over - 2 runs, 3 hits, 0 errors, 1 left on base; New Jersey 8 - Thunder Bay 8
BOTTOM OF THE 7TH
Thunder Bay Northern Lions BC batting - Pitching for New Jersey Fenix : LHP Pedro Garza
Batting: LHB Luis Freitas 0-0: Fly out, F7 (Line Drive, 78D)
Batting: LHB David Smith 0-0: Ball
1-0: SINGLE (Groundball, 6MD)
Batting: RHB António Mendoza 0-0: Called Strike
0-1: Ball
1-1: Foul Ball, location: 2F
1-2: Ball
2-2: Ball
3-2: Strikes out swinging
Batting: RHB Edgar Balerio 0-0: Ball
1-0: Ball
2-0: Foul Ball, location: 2F
2-1: Ground out 5-3 (Groundball, 56S)
Bottom of the 7th over - 0 runs, 1 hit, 0 errors, 1 left on base; New Jersey 8 - Thunder Bay 8
TOP OF THE 8TH
New Jersey Fenix batting - Pitching for Thunder Bay Northern Lions BC : RHP Armando Marrero
Pinch Hitting: LHB Pedro Gutiérrez 0-0: Called Strike
0-1: Foul Ball, location: 2F
0-2: Fly out, F8 (Flyball, 8LD)
Batting: LHB Elian Gonzalez 0-0: Called Strike
0-1: Ball
1-1: Ground out 6-3 (Groundball, 6)
Batting: RHB Takashi Miike 0-0: Ball
1-0: Foul Ball, location: 2F
1-1: SOLO HOME RUN (Flyball, 9LD), Distance : 360 ft
Batting: SHB Shiki Sanu 0-0: Foul Ball, location: 2F
0-1: Ground out 6-3 (Groundball, 6)
Top of the 8th over - 1 run, 1 hit, 0 errors, 0 left on base; New Jersey 9 - Thunder Bay 8
BOTTOM OF THE 8TH
Thunder Bay Northern Lions BC batting - Pitching for New Jersey Fenix : LHP Pedro Garza
Now in LF: Pedro Gutiérrez
Batting: RHB Augusto Encarnación 0-0: Ball
1-0: Ground out 6-3 (Groundball, 6M)
Batting: SHB Robert La Caze 0-0: TRIPLE (Line Drive, 7D)
Pitching: RHP Andrei-Luiz Frial
Batting: RHB Ramón Degollado 0-0: Ball
1-0: Fly out, F8 (Flyball, 8LS)
Pitching: LHP Hakan Yilmanz
Batting: RHB Carlos Padilla 0-0: Fly out, F7 (Flyball, 78S)
Bottom of the 8th over - 0 runs, 1 hit, 0 errors, 1 left on base; New Jersey 9 - Thunder Bay 8
TOP OF THE 9TH
New Jersey Fenix batting - Pitching for Thunder Bay Northern Lions BC : RHP Armando Marrero
Batting: LHB Javier Sánchez 0-0: Called Strike
0-1: Called Strike
0-2: Ball
1-2: Ball
2-2: Ground out 6-3 (Groundball, 4M)
Batting: RHB José Carlos Pérez 0-0: Foul Ball, location: 2F
0-1: Swinging Strike
0-2: Ball
1-2: Ball
2-2: Ball
3-2: Foul Ball, location: 2F
3-2: Strikes out swinging
Batting: LHB Alexis Raimbault 0-0: Called Strike
0-1: Fly out, F9 (Line Drive, 9D)
Top of the 9th over - 0 runs, 0 hits, 0 errors, 0 left on base; New Jersey 9 - Thunder Bay 8
BOTTOM OF THE 9TH
Thunder Bay Northern Lions BC batting - Pitching for New Jersey Fenix : LHP Hakan Yilmanz
Pitching: RHP Nam Yee Yong
Batting: RHB Joe Aller 0-0: Foul Ball, location: 2F
0-1: Ball
1-1: Ball
2-1: SINGLE (Line Drive, 9LM)
Batting: LHB Luis Freitas 0-0: Sac Bunt - play at first, batter OUT! 2-4
Joe Aller to second
Batting: LHB David Smith 0-0: Called Strike
0-1: Fly out, F9 (Flyball, 89M)
Runner from 2nd tags up, SAFE at 3rd with throw
Batting: RHB António Mendoza 0-0: Ball
1-0: Swinging Strike
1-1: Called Strike
1-2: Foul Ball, location: 2F
1-2: Ball
2-2: Ball
3-2: Fly out, F9 (Flyball, 89S)
Bottom of the 9th over - 0 runs, 1 hit, 0 errors, 1 left on base; New Jersey 9 - Thunder Bay 8
Saturday, December 22nd, 2018 - OOTP Baseball 18.8 Build 76